 Dungeon Crawl Stone Soup version 0.23-a0-391-g8c51ad5 (webtiles) character file.

1 Firecrotchwizard the Firebug (level 1, 0/14 HPs)
             Began as a Hill Orc Fire Elementalist on Oct 30, 2018.
             Slain by a jackal (2 damage)
             ... on level 1 of the Dungeon.
             The game lasted 00:00:21 (51 turns).

Firecrotchwizard the Firebug (HOFE)                   Turns: 51, Time: 00:00:22

Health: 0/14       AC:  2    Str: 10    XL:     1   Next: 20%
Magic:  0/3        EV: 12    Int: 15    God:
Gold:   24         SH:  0    Dex: 11    Spells: 2/3 levels left

rFire    . . .     SeeInvis .   (no weapon)
rCold    . . .     Gourm    .   (no shield)
rNeg     . . .     Faith    .   a - +0 robe
rPois    .         Spirit   .   (no helmet)
rElec    .         Reflect  .   (no cloak)
rCorr    .         Harm     .   (no gloves)
MR       .....                  (no boots)
Stlth    ++........             (no amulet)
HPRegen  0.04/turn              (no ring)
MPRegen  0.08/turn              (no ring)

@: no status effects
A: no striking features
a: no special abilities


You were on level 1 of the Dungeon.
You were not hungry.

You visited 1 branch of the dungeon, and saw 1 of its levels.

You collected 24 gold pieces.

Inventory:

Armour
 a - a +0 robe (worn)
Jewellery
 b - an uncursed ring of stealth {unknown}
   (You found it on level 1 of the Dungeon)
Scrolls
 d - 2 scrolls of teleportation {unknown}
Comestibles
 c - a ration


   Skills:
 + Level 0.2 Fighting
 + Level 0.2 Armour
 - Level 1.5 Dodging
 - Level 1.5 Stealth
 - Level 1.5 Spellcasting
 - Level 1.0 Conjurations
 - Level 3.2 Fire Magic


You had 2 spell levels left.
You knew the following spells:

 Your Spells              Type           Power        Failure   Level  Hunger
a - Flame Tongue          Conj/Fire      #....        10%         1    ##.....

Your spell library contained the following spells:

 Spells                   Type           Power        Failure   Level  Hunger
 Throw Flame              Conj/Fire      #.....       14%         2    ###....
 Conjure Flame            Conj/Fire      #.......     28%         3    ####...
 Inner Flame              Hex/Fire       #.......     34%         3    ####...
 Sticky Flame             Conj/Fire      #.......     67%         4    #####..
 Fireball                 Conj/Fire      #.........   95%         5    ######.


Dungeon Overview and Level Annotations

Branches:
Dungeon (1/15)

Altars:


Message History

Welcome, Firecrotchwizard the Hill Orc Fire Elementalist.
It is said that the Orb of Zot exists deep within this dungeon.
Found a moonstone ring and a scroll labeled JYFUIG GURUGG.
Found a staircase leading out of the dungeon.
Found an escape hatch in the floor.
b - a moonstone ring
d - a scroll labeled JYFUIG GURUGG You now have 12 gold pieces.
There is an escape hatch in the floor here.
You now have 24 gold pieces (gained 12).
d - 2 scrolls labeled JYFUIG GURUGG (gained 1)
A jackal comes into view.
The jackal barks!
You hear a bark!
A jackal comes into view.
Aim: a jackal The flame tongue hits the jackal.
The jackal barks!
A jackal comes into view.
The jackal bites you.
You take 1 damage, and have 13/14 hp.
You now have 2/3 mp.
Aim: a jackal (heavily wounded)
The flame tongue hits the jackal.
You kill the jackal!
The jackal bites you but does no damage.
The jackal bites you.
You take 3 damage, and have 10/14 hp.
MASSIVE DAMAGE!!
You now have 1/3 mp.
Aim: a jackal The flame tongue misses the jackal.
The jackal bites you. x2
A jackal comes into view.
You take 4 damage, and have 6/14 hp.
MASSIVE DAMAGE!!
You now have 0/3 mp.
You closely miss the jackal. The jackal misses you. The jackal bites you.
* * * LOW HITPOINT WARNING * * *
The jackal bites you but does no damage.
You take 3 damage, and have 3/14 hp.
MASSIVE DAMAGE!!
You hit the jackal but do no damage. The jackal barely misses you.
The jackal completely misses you.
The jackal bites you but does no damage.
You hit the jackal. The jackal closely misses you. The jackal misses you.
You closely miss the jackal. The jackal barely misses you.
The jackal bites you.
* * * LOW HITPOINT WARNING * * *
The jackal barely misses you. The jackal bites you.
* * * LOW HITPOINT WARNING * * *
You take 2 damage, and have 2/14 hp.
You hit the jackal but do no damage. The jackal bites you.
You die...

..# #. #.. #.# #.# ###
#.##.# #.# #.. #.##.#
#.## #.# #.##.# #..# #.#
#.##.####..#####h#
#.##.....#.....#@# #..
#.##..###..###.#h#.....
#.##..###.......h....#.
............#.....#.....
..(#..###...##...##...#.
...#..##....###.###.....
.......>.###.#####.# ..
..........###.###.# .
..##.#.....###...#


You could see 3 jackals.

Vanquished Creatures
  A jackal (D:1)
1 creature vanquished.

Notes
Turn   | Place    | Note
-------+----------+-------------------------------------------
     0 | D:1      | Firecrotchwizard the Hill Orc Fire Elementalist began the
                  | quest for the Orb.
     0 | D:1      | Reached XP level 1. HP: 14/14 MP: 3/3
    47 | D:1      | HP: 3/14 [jackal (3)]
    51 | D:1      | Slain by a jackal

Vault maps used:
D:1:      roderic_crossed_star, minivault_19

Action                   || total
-------------------------++-------
Melee: Unarmed           ||     5
 Cast: Flame Tongue      ||     3
Armor: Robe              ||     3
Dodge: Dodged            ||     7

Table legend:
 A = Non-vault XP
 B = Vault XP
 C = Vault XP percentage of total XP
 D = Non-vault monster count
 E = Vault monster count
 F = Vault count percentage of total count
                 A         B        C        D         E       F
            +---------+---------+-------+---------+---------+-------
      Total |       2 |       0 |   0.0 |       1 |       0 |   0.0
            +---------+---------+-------+---------+---------+-------
        D:1 |       2 |       0 |   0.0 |       1 |       0 |   0.0
            +---------+---------+-------+---------+---------+-------

Vault maps used:
D:1:      roderic_crossed_star, minivault_19

Table legend:
 A = Turns spent in this place as a percentage of turns spent in the entire game.
 B = Non-inter-level travel turns spent in this place as a percentage of non-inter-level travel turns spent in the entire game.
 C = Inter-level travel turns spent in this place as a percentage of turns spent in this place.
 D = Turns resting spent in this place as a percentage of non-inter-level travel turns spent in this place.
 E = Turns spent auto-exploring this place as a percentage of non-inter-level travel turns spent in this place.
 F = Non-inter-level travel turns spent in this place divided by the number of levels of this place that you've seen.
                   A       B       C       D       E      F
               +-------+-------+-------+-------+-------+----------------------
         Total | 100.0 | 100.0 |   0.0 |   0.0 |  76.5 |  51.0
       Dungeon | 100.0 | 100.0 |   0.0 |   0.0 |  76.5 |  51.0
               +-------+-------+-------+-------+-------+----------------------

Table legend:
 A = Kills in this place as a percentage of kills in entire the game.
 B = Kills by you in this place as a percentage of kills by you in the entire game.
 C = Kills by friends in this place as a percentage of kills by friends in the entire game.
 D = Other kills in this place as a percentage of other kills in the entire game.
 E = Experience gained in this place as a percentage of experience gained in the entire game.
 F = Experience gained in this place divided by the number of levels of this place that you have seen.
                   A       B       C       D       E      F
               +-------+-------+-------+-------+-------+----------------------
         Total | 100.0 | 100.0 |   N/A |   N/A | 100.0 |   2.0
       Dungeon | 100.0 | 100.0 |   N/A |   N/A | 100.0 |   2.0
               +-------+-------+-------+-------+-------+----------------------
